 Dungeon Crawl Stone Soup version 0.23.2-40-g277498a001 (webtiles) character file.

Game seed: 407124382312982705

172 Exodus22XD the Magician (level 5, -1/28 HPs)
             Began as a Deep Elf Wizard on Aug 27, 2019.
             Shot with an arrow by a centaur (9 damage)
             ... on level 5 of the Dungeon.
             The game lasted 00:16:52 (3499 turns).

Exodus22XD the Magician (Deep Elf Wizard)           Turns: 3499, Time: 00:16:52

Health: -1/28      AC:  3    Str:  4    XL:     5   Next: 27%
Magic:  4/13       EV: 13    Int: 24    God:
Gold:   151        SH:  0    Dex: 17    Spells: 1/12 levels left

rFire    . . .     SeeInvis .   c - +0 short sword
rCold    . . .     Gourm    .   (no shield)
rNeg     . . .     Faith    .   a - +0 robe
rPois    .         Spirit   .   b - +0 hat
rElec    .         Reflect  .   (no cloak)
rCorr    .         Harm     .   (no gloves)
MR       .....     Rnd*Tele +   o - +0 pair of boots
Stlth    ++........             (no amulet)
HPRegen  0.09/turn              g - +4 ring of dexterity
MPRegen  0.13/turn              l - ring of teleportation (curse)

@: no status effects
A: no striking features
a: no special abilities


You were on level 5 of the Dungeon.
You were not hungry.

You visited 1 branch of the dungeon, and saw 5 of its levels.

You collected 151 gold pieces.

Inventory:

Hand Weapons
 c - a +0 short sword (weapon)
Armour
 a - a +0 robe (worn)
 b - a +0 hat (worn)
 o - a +0 pair of boots (worn)
Jewellery
 g - a +4 ring of dexterity (left hand)
 l - a cursed ring of teleportation (right hand)
Scrolls
 e - a scroll of remove curse {unknown}
 f - a scroll of immolation
 j - a scroll of fear
 k - a scroll of noise {unknown}
 n - 3 scrolls of teleportation
 q - a scroll of enchant armour {unknown}
Potions
 i - a potion of invisibility
 p - a potion of haste
 r - 2 potions of heal wounds
 s - a potion of lignification {unknown}
Comestibles
 d - 7 rations


   Skills:
 - Level 2.4 Dodging
 - Level 2.4 Stealth
 - Level 4.4 Spellcasting
 - Level 4.1 Conjurations
 - Level 3.4 Summonings
 - Level 1.1 Translocations
 * Level 1.7 Fire Magic


You had one spell level left.
You knew the following spells:

 Your Spells              Type           Power        Failure   Level  Hunger
a - Magic Dart            Conj           ####         1%          1    None
b - Call Imp              Summ           ###.....     3%          2    None
c - Blink                 Tloc           N/A          9%          2    None
d - Conjure Flame         Conj/Fire      ###.....     9%          3    ##.....
e - Mephitic Cloud        Conj/Pois/Air  ##......     16%         3    ##.....

Your spell library contained the following spells:

 Spells                   Type           Power        Failure   Level  Hunger
 Slow                     Hex            #.......     14%         2    None


Dungeon Overview and Level Annotations

Branches:
Dungeon (5/15)
 Temple: D:4-7

Altars:
Yredelemnul
Zin

Shops:
D:5 ![

Annotations:
D:3 2 transporters
D:5 Ijyb, Sigmund


Message History

Confirm with . or Enter, or press ? or * to list all spells.
Aiming: Conjure Flame (safe; 9% risk of failure)
Press: ? - help, Dir - move target cursor The fire ignites!
Casting: Conjure Flame (safe; 9% risk of failure)
Confirm with . or Enter, or press ? or * to list all spells.
Aiming: Mephitic Cloud (safe; 16% risk of failure)
Press: ? - help, Shift-Dir - straight line, f - Ijyb
Aim: Ijyb, wearing a +0 ring mail and carrying a wand of digging (2)
The ball explodes into a vile cloud!
The stinking cloud engulfs Ijyb but does no damage.
You hear an angry hiss.
Ijyb is engulfed in noxious fumes.
Ijyb appears confused.
Ijyb is engulfed in noxious fumes.
Ijyb appears confused.
Ijyb is engulfed in blazing flames.
You barely miss Ijyb.
Ijyb is severely wounded.
Ijyb screams, "Me still stronger!
You very nasty!"
The centaur shoots an arrow.
The arrow hits you!
You die...

###@...####
..........# #
....)...#.### .#
............## ###.#
..<.........?# #...#
.....l...#...###.#.#
.........##..c..∩..#
.........####..#g#..#
........## #.☼.@#
.......## #.#..#
######## # ####


You could see Ijyb (confused) and a centaur.

Vanquished Creatures
  3 gnolls (D:3)
  6 adders
  An ooze (D:2)
  2 worms (D:2)
  3 dart slugs
  4 leopard geckos
  2 orcs
  A ball python (D:3)
  4 giant cockroaches
  7 goblins
  8 hobgoblins
  3 jackals (D:3)
  2 quokkas (D:3)
  4 bats (D:1)
  2 frilled lizards (D:1)
  A jackal skeleton (D:4)
  10 kobolds
  3 rats
66 creatures vanquished.

Vanquished Creatures (others)
  6 plants (D:3)
6 creatures vanquished.

Grand Total: 72 creatures vanquished

Notes
Turn   | Place    | Note
-------+----------+-------------------------------------------
     0 | D:1      | Exodus22XD the Deep Elf Wizard began the quest for the Orb.
     0 | D:1      | Reached XP level 1. HP: 10/10 MP: 7/7
   214 | D:1      | Reached XP level 2. HP: 15/15 MP: 6/9
   321 | D:1      | Learned a level 2 spell: Call Imp
   324 | D:1      | Learned a level 2 spell: Blink
   764 | D:1      | Reached XP level 3. HP: 19/19 MP: 6/10
   934 | D:2      | Found a basalt altar of Yredelemnul.
  1269 | D:2      | Reached XP level 4. HP: 24/24 MP: 1/12
  1414 | D:2      | Learned a level 3 spell: Conjure Flame
  1418 | D:2      | Learned a level 3 spell: Mephitic Cloud
  1782 | D:3      | Found a faded altar of an unknown god.
  1808 | D:3      | Found a transporter.
  2184 | D:3      | Found a transporter.
  2209 | D:3      | Reached XP level 5. HP: 28/28 MP: 11/13
  2288 | D:4      | Noticed an ogre
  2487 | D:4      | Reached skill level 1 in Fire Magic
  2898 | D:4      | Found a glowing silver altar of Zin.
  3431 | D:5      | Entered Level 5 of the Dungeon
  3434 | D:5      | Noticed a centaur
  3480 | D:5      | Found Ejeusuch's Distillery.
  3480 | D:5      | Noticed Ijyb
  3480 | D:5      | Noticed Sigmund
  3482 | D:5      | Found Sukhouca's Antique Armour Emporium.
  3499 | D:5      | Shot with an arrow by a centaur

Skill      XL: |  1  2  3  4  5 |
---------------+----------------+-----
Conjurations   | 2 3 4 |  4.1
Summonings     | 3 |  3.4
Fire Magic     | 1 |  1.7
Dodging        | |  2.4
Stealth        | |  2.4
Spellcasting   | |  4.4
Translocations | |  1.1

Action                   |  1- 3 |  4- 6 || total
-------------------------+-------+-------++-------
Melee: Short sword       |     8 |     3 ||    11
 Cast: Magic Dart        |    91 |    87 ||   178
       Call Imp          |       |     7 ||     7
       Conjure Flame     |       |     6 ||     6
       Blink             |       |     6 ||     6
       Mephitic Cloud    |       |     2 ||     2
  Use: Scroll            |       |     8 ||     8
  Eat: Chunk             |     1 |     7 ||     8
Armor: Robe              |     7 |     9 ||    16
Dodge: Dodged            |    19 |    48 ||    67
